 Dungeon Crawl Stone Soup version 0.21.0-3-g78d12a8 (webtiles) character file.

316 Miyamura the Ruffian (level 6, -2/46 HPs)
             Began as a Demonspawn Wanderer on Jan 12, 2018.
             Slain by Grinder (5 damage)
             ... on level 3 of the Dungeon.
             The game lasted 00:10:09 (4742 turns).

Miyamura the Ruffian (Demonspawn Wanderer)          Turns: 4742, Time: 00:10:10

Health: -2/46      AC:  9    Str: 11 (14) XL:     6   Next: 20%
Magic:  9/9        EV: 11    Int: 15 (16) God:
Gold:   82         SH:  0    Dex:  8 (10) Spells: 9/9 levels left

rFire    . . .     SeeInvis .     - Unarmed
rCold    . . .     Gourm    .   (no shield)
rNeg     . . .     Faith    .   t - +1 leather armour {rPois}
rPois    +         Spirit   .   h - +2 helmet
rElec    .         Reflect  .   m - +1 cloak
rCorr    .         Harm     .   (no gloves)
MR       .....                  (no boots)
Stlth    +.........             (no amulet)
HPRegen  0.15/turn              (no ring)
MPRegen  0.11/turn              (no ring)

@: confused
A: talons 1
a: no special abilities


You were on level 3 of the Dungeon.
You were not hungry.

You visited 1 branch of the dungeon, and saw 3 of its levels.

You collected 82 gold pieces.

Inventory:

Hand Weapons
 q - a +0 dagger of venom
Missiles
 e - 5 javelins (quivered)
Armour
 h - a +2 helmet (worn)
 l - a +3 chain mail
 m - a +1 cloak (worn)
 t - a +1 leather armour of poison resistance (worn)
Scrolls
 b - a scroll of fog
 g - 2 scrolls of teleportation
 i - a scroll of remove curse {unknown}
 k - 2 scrolls of fear {unknown}
 o - 2 scrolls of enchant armour
 s - a scroll of identify
Potions
 c - a potion of resistance
Books
 a - a book of Maledictions

   Spells                             Type                      Level
   a - Corona                         Hexes                        1
   b - Ensorcelled Hibernation        Hexes/Ice                    2
   c - Confuse                        Hexes                        3
   d - Tukima's Dance                 Hexes                        3
   e - Dazzling Spray                 Conjuration/Hexes            3
 p - a book of Misfortune

   Spells                             Type                      Level
   a - Confusing Touch                Hexes                        1
   b - Confuse                        Hexes                        3
   c - Gell's Gravitas                Translocation                3
   d - Petrify                        Transmutation/Earth          4
   e - Metabolic Englaciation         Hexes/Ice                    5
   f - Yara's Violent Unravelling     Hexes/Transmutation          5
Comestibles
 f - 11 rations
 u - 6 chunks of flesh


   Skills:
 + Level 2.6 Fighting
 + Level 1.7 Armour
 + Level 2.1 Dodging
 - Level 1.7 Stealth
 * Level 3.5 Unarmed Combat
 + Level 2.3 Spellcasting
   Level 3.0 Hexes
   Level 1.0 Air Magic
   Level 1.0 Evocations


You had 9 spell levels left.
You didn't know any spells.

Dungeon Overview and Level Annotations

Branches:
Dungeon (3/15)

Altars:
Ashenzari
Elyvilon

Annotations:
D:3 Grinder


Innate Abilities, Weirdness & Mutations

You have sharp toenails.


Message History

It was a potion of brilliance.
You feel clever all of a sudden. Grinder hits you.
It was a potion of cancellation.
Your magical effects are unravelling.
You feel magically purged.
You feel a little less clever now. Grinder hits you.
You writhe in agony.
It was a potion of ambrosia.
You are confused.
You feel invigorated. Grinder hits you.
Unknown command.
Grinder hits you.
You writhe in agony.
Grinder gestures at you. Pain shoots through your body!
* * * LOW HITPOINT WARNING * * *
Grinder hits you!
* * * LOW HITPOINT WARNING * * *
You writhe in agony.
You die...

#.#.#.#.# #.# #.........#
.#.#.#.##
#.#######.#######..
#.#.#.#########.......>.#
##...
.#.#.#...........########
##.... #.#.#.#########..#
#...≈≈ .#.#.#.# ##...##
#..≈≈≈ #.#.#.##
#.....###### #..≈≈♣
.#.#.#.# ##...5(((...
#..≈≈≈ ####.#.# ##.@##
♣...≈≈ #...# ##.# ♣♣....
######.# #.# ♣♣...
.......# #.# ♣♣..
######## #.# ♣♣... #.#
♣♣.... #.# ♣...≈≈ #.#
♣♣..≈≈≈ #.# ♣...≈≈_


You could see Grinder.

Vanquished Creatures
  An orc priest (D:3)
  An orc wizard (D:3)
  Jessica (D:3)
  Terence (D:3)
  Robin (D:3)
  3 gnolls (D:2)
  5 adders
  An ooze (D:2)
  3 worms (D:2)
  2 dart slugs (D:1)
  3 leopard geckos
  13 orcs (D:3)
  3 giant cockroaches
  11 goblins
  9 hobgoblins
  8 jackals
  7 kobolds
  2 quokkas (D:2)
  5 bats
  10 frilled lizards
  7 rats
97 creatures vanquished.

Notes
Turn   | Place    | Note
-------+----------+-------------------------------------------
     0 | D:1      | Miyamura the Demonspawn Wanderer began the quest for the Orb.
     0 | D:1      | Miyamura set off with: a book of Maledictions, a +0 spear, a potion of lignification, a +0 robe, a ration
     0 | D:1      | Reached XP level 1. HP: 15/15 MP: 2/2
   339 | D:1      | Gained mutation: You have sharp toenails. [demonic ancestry]
   339 | D:1      | Reached XP level 2. HP: 11/21 MP: 3/3
  1048 | D:2      | Reached XP level 3. HP: 19/26 MP: 3/5
  1791 | D:2      | Reached skill level 1 in Dodging
  2488 | D:2      | Reached XP level 4. HP: 30/33 MP: 6/6
  2784 | D:2      | Found a shattered altar of Ashenzari.
  2814 | D:2      | Reached skill level 1 in Armour
  3349 | D:3      | Found a white marble altar of Elyvilon.
  3513 | D:3      | Reached XP level 5. HP: 38/38 MP: 7/7
  3677 | D:3      | Noticed Terence
  3886 | D:3      | Killed Terence
  3945 | D:3      | Noticed Jessica
  3955 | D:3      | Killed Jessica
  3985 | D:3      | Noticed Robin
  4014 | D:3      | Killed Robin
  4014 | D:3      | Reached XP level 6. HP: 30/46 MP: 9/9
  4726 | D:3      | Noticed Grinder
  4730 | D:3      | Paralysed by Grinder for 5 turns
  4742 | D:3      | Slain by Grinder

Skill      XL: |  1  2  3  4  5 |
---------------+----------------+-----
Unarmed Combat | 2 3 |  3.5
Dodging        | 1 2 |  2.1
Fighting       | 2 |  2.6
Armour         | 1 |  1.7
Spellcasting   | 2 |  2.3
Stealth        | |  1.7
Hexes          | |  3.0
Air Magic      | |  1.0
Evocations     | |  1.0

Action                   |  1- 3 |  4- 6 || total
-------------------------+-------+-------++-------
Melee: Unarmed           |   212 |   141 ||   353
       Kick              |    49 |    53 ||   102
       Dagger            |       |   115 ||   115
       Punch             |       |     3 ||     3
Throw: Javelin           |       |     5 ||     5
  Use: Potion            |     2 |     4 ||     6
       Scroll            |       |     6 ||     6
 Stab: Sleeping          |     1 |     1 ||     2
  Eat: Chunk             |     5 |     8 ||    13
Armor: Robe              |     9 |       ||     9
       Skin              |     1 |       ||     1
       Chain mail        |   132 |   105 ||   237
       Leather armour    |       |    42 ||    42
Dodge: Dodged            |    66 |   113 ||   179
